 Dungeon Crawl Stone Soup version 0.32-a0-128-g77eb882913 (webtiles) character file.

Game seed: 16568838065814294533

99 Nattfarinn the Changeling (level 4, -12/38 HPs)
             Began as a Naga Shapeshifter on Feb 8, 2024.
             Killed from afar by Ijyb (17 damage)
             ... with a bolt of dispelling energy
             ... on level 3 of the Dungeon.
             The game lasted 00:03:35 (2123 turns).

Nattfarinn the Changeling (Naga Shapeshifter)       Turns: 2123, Time: 00:03:37

Health: -12/38     AC:  7    Str: 16    XL:     4   Next: 72%
Magic:  4/4        EV:  5    Int: 12    God:
Gold:   103        SH:  0    Dex: 11    Spells: 3/3 levels left

rFire   + . .        p - +0 spear
rCold   . . .        (no shield)
rNeg    . . .        r - +2 chain mail {rF+}
rPois   +            (helmet currently unavailable)
rElec   .            (cloak currently unavailable)
rCorr   .            (gloves currently unavailable)
SInv    +            (no barding)
Will    .....        (no amulet) Stlth
                     (no ring)
HPRegen 0.26/turn    (no ring)
MPRegen 0.09/turn

%: no passive effects
@: short of breath, beast-form, very slow
A: beast (slay +2), AC +1, large, see invisible, deformed body, poison
resistance, slowness 2, spit poison 1, naga tail 1
a: Spit Poison, Begin Untransformation


You were on level 3 of the Dungeon.
You were a hulking beast.
You visited 1 branch of the dungeon, and saw 3 of its levels.

You collected 103 gold pieces.

Inventory:

Hand Weapons
 p - a +0 spear (weapon)
Missiles
 h - 2 throwing nets
Armour
 a - a +0 animal skin
 r - a +2 chain mail of fire resistance (worn)
 s - a +2 pair of gloves
Talismans
 c - a beast talisman
 d - a flux talisman
 l - a serpent talisman
Scrolls
 f - a scroll of silence {unknown}
 j - a scroll of identify {unknown}
 k - a scroll of summoning {unknown}
 m - a scroll of amnesia {unknown}
Potions
 b - a potion of mutation {unknown}
 e - a potion of might {unknown}
 g - 2 potions of curing {unknown}
 i - a potion of resistance {unknown}
 o - a potion of enlightenment {unknown}
 q - a potion of degeneration {unknown}


   Skills:
 - Level 1.0 Fighting
 - Level 1.5 Dodging
 - Level 3.0 Unarmed Combat
 + Level 5.0 Shapeshifting


You had 3 spell levels left.
You didn't know any spells.
Your spell library contained the following spells:

 Spells                   Type           Power      Damage    Failure   Level
 Sting                    Conj/Alch      0%         1d3       99%         1
 Ensorcelled Hibernation  Hex/Ice        0%         N/A       100%        2
 Mercury Vapours          Alch/Air       0%         N/A       100%        2
 Call Canine Familiar     Summ           0%         N/A       100%        3
 Mephitic Cloud           Conj/Alch/Air  0%         N/A       100%        3
 Passwall                 Erth           0%         N/A       100%        3
 Sigil of Binding         Hex            0%         N/A       100%        3
 Swiftness                Air            0%         N/A       100%        3
 Dimensional Bullseye     Hex/Tloc       0%         N/A       100%        4
 Olgreb's Toxic Radiance  Alch           0%         N/A       100%        4
 Freezing Cloud           Conj/Ice/Air   0%         6-21      100%        5


Dungeon Overview and Level Annotations

Branches:
Dungeon (3/15)

Altars:
Ashenzari
Nemelex Xobeh
Okawaru
Zin

Shops:
D:2 [   D:3 (

Annotations:
D:3 Ijyb


Innate Abilities, Weirdness & Mutations

You are a hulking beast.
Your limbs bulge with bestial killing power. (Slay +2)
Your serpentine skin is tough. (AC +1)
You have supernaturally acute eyesight. (SInv)
Armour fits poorly on your strangely shaped body.
Your system is resistant to poisons. (rPois)
You cover ground very slowly.
You can spit poison.
You have a snake-like lower body.


Message History

The bolt of dispelling energy misses you.
You closely miss Ijyb.
Ijyb is lightly wounded.
Ijyb zaps a wand.
The bolt of dispelling energy misses you.
Ijyb barely misses you.
You hit Ijyb but do no damage. Your punch misses Ijyb.
Ijyb is lightly wounded.
Ijyb zaps a wand.
The bolt of dispelling energy hits you!
You hit Ijyb.
Ijyb is moderately wounded.
Ijyb closely misses you.
You hit Ijyb.
Ijyb is heavily wounded.
Ijyb screams, "Time for continue experiment!"
Ijyb hits you with a +0 dagger.
You hit Ijyb.
Ijyb is heavily wounded.
A quokka comes into view.
Ijyb barely misses you.
You closely miss Ijyb. Your punch misses Ijyb.
Ijyb is heavily wounded.
Ijyb hits you with a +0 dagger.
You hit Ijyb.
Ijyb is severely wounded.
Ijyb hits you but does no damage.
You barely miss Ijyb.
Ijyb is severely wounded.
Ijyb zaps a wand.
The bolt of dispelling energy hits you!!
* * * LOW HITPOINT WARNING * * *
Okay, then.
Aiming: Spit Poison (1% risk of failure)
Press: ? - help, Shift-Dir - straight line, f - Ijyb
Aim: Ijyb, wielding a +0 dagger, wearing a +0 ring mail of fire resistance and carrying a wand of quicksilver (severely wounded, 54% to hit)
The splash of poison misses Ijyb.
Ijyb screams, "Me am play god!"
Ijyb zaps a wand.
The bolt of dispelling energy hits you!
You die...
Ijyb screams, "Time for next experiment!"

#...# #...#
#...####.####..#
#...#.......#..##
######...#.##.##.#....
##............. #.#...#
............... #.#..#. #
#..gg.g....... #.#.#..
♣P. ##g#.#.#####<...#.
...~~###h###.........#..#
PP..r.## ##.######.#...
♣)..##.###.## #.##.. ♣.♣
##.#.## #.##.# ..
####.#### #.##.# .
#.......# #.....
.P...b..##.# ######
P.##.##...... #. #.##.###


You could see Ijyb, a quokka and a hobgoblin.

Vanquished Creatures
  4 gnolls (D:2)
  2 adders (D:2)
  2 ribbon worms (D:2)
  3 bats
  2 endoplasms
  A giant cockroach (D:1)
  3 goblins
  A hobgoblin (D:2)
  3 jackals (D:1)
  6 kobolds
  8 ball pythons
  5 frilled lizards
  A rat (D:2)
41 creatures vanquished.

Vanquished Creatures (others)
  An endoplasm (D:3)
1 creature vanquished.

Grand Total: 42 creatures vanquished

Notes
Turn   | Place    | Note
-------+----------+-------------------------------------------
     0 | D:1      | Nattfarinn the Naga Shapeshifter began the quest for the
                  | Orb.
     0 | D:1      | Reached XP level 1. HP: 18/18 MP: 1/1
   230 | D:1      | Reached XP level 2. HP: 3/25 MP: 2/2
   914 | D:2      | Reached skill level 4 in Shapeshifting
   914 | D:2      | Reached XP level 3. HP: 21/31 MP: 3/3
  1253 | D:2      | Reached XP level 4. HP: 30/38 MP: 4/4
  1665 | D:2      | Found Ogyniss's Antique Armour Shoppe.
  1772 | D:2      | Reached skill level 5 in Shapeshifting
  1995 | D:3      | Found Faisakhlo's Weapon Shop.
  2032 | D:3      | Found an iron altar of Okawaru.
  2032 | D:3      | Found a sparkling altar of Nemelex Xobeh.
  2033 | D:3      | Found a broken altar of Ashenzari.
  2050 | D:3      | Found a glowing silver altar of Zin.
  2104 | D:3      | Noticed Ijyb
  2123 | D:3      | Killed from afar by Ijyb

Illustrated notes

Levels and vault maps discovered:
D:1:      elethiomel_arrival_infinity_welcomes_careful_drivers,
          layout_loops_ring, minmay_split_cup_large
D:2:      layout_loops_ring, serial_shops, nicolae_square_shop
D:3:      layout_loops_cross, nicolae_elyvilon_peaceful_grove,
          nicolae_overflow_quartered_altars, basic_ecumenical_altar,
          serial_shops, nicolae_diamond_shop, uniq_ijyb

Skill      XL: |  1  2  3  4 |
---------------+-------------+-----
Shapeshifting  | 4 5 |  5.0
Fighting       | |  1.0
Dodging        | |  1.5
Unarmed Combat | |  3.0

Action                     |  1- 3 |  4- 6 || total
---------------------------+-------+-------++-------
  Melee: Unarmed           |    66 |     1 ||    67
         Punch             |     2 |     2 ||     4
         Spear             |       |    36 ||    36
Ability: Spit Poison       |     2 |    16 ||    18
    Use: Potion            |     1 |     1 ||     2
   Stab: Sleeping          |     1 |       ||     1
 Armour: Animal skin       |    47 |     9 ||    56
         Skin              |     5 |     4 ||     9
         Chain mail        |       |     7 ||     7
  Dodge: Dodged            |    26 |    10 ||    36

Table legend: (Time is in decaauts)
 A = Elapsed time spent in this place.
 B = Non-inter-level travel time spent in this place.
 C = Inter-level travel time spent in this place.
 D = Time resting spent in this place.
 E = Time spent auto-exploring this place.
 F = Levels seen in this place.
 G = Mean time per level.
                   A        B        C        D        E       F      G
               +--------+--------+--------+--------+--------+-----+--------+
         Total |   2665 |   2614 |     51 |    364 |   1865 |   3 |  888.3 |
       Dungeon |   2665 |   2614 |     51 |    364 |   1865 |   3 |  888.3 |
               +--------+--------+--------+--------+--------+-----+--------+

Top non-repeatable levels by time:
     D:2: 1315 daAuts
     D:1: 1184 daAuts
     D:3: 165 daAuts
